 Dungeon Crawl Stone Soup version 0.28-a0-580-ga2639ab843 (webtiles) character file.

Game seed: 10780245404871970242

300 devil0160 the Chiller (level 6, -13/37 HPs)
             Began as a Demonspawn Ice Elementalist on Oct 2, 2021.
             Was a Believer of Hepliaklqana.
             Mangled by an ogre (19 damage)
             ... on level 3 of the Dungeon.
             The game lasted 00:26:02 (3654 turns).

devil0160 the Chiller (Demonspawn Ice Elementalist) Turns: 3654, Time: 00:26:03

Health: -13/37     AC:  5    Str: 14    XL:     6   Next: 13%
Magic:  9/11       EV: 12    Int: 17    God:    Hepliaklqana [**....]
Gold:   165        SH:  4    Dex: 14    Spells: 6/11 levels left

rFire   . . .      SeeInvis .   k - +0 hand axe (vorpal)
rCold   . . .      Faith    .   (no shield)
rNeg    . . .      Spirit   .   a - +0 robe
rPois   .          Reflect  .   f - +2 helmet
rElec   .          Harm     .   (no cloak)
rCorr   .          Rampage  .   (no gloves)
Will    +....                   (no boots)
Stlth   ++........              (no amulet)
HPRegen 0.12/turn               e - ring of the Evening {Will+ Str+5}
MPRegen 0.12/turn               m - +4 ring of slaying

@: no status effects
A: reduced essence, foul stench 2, sturdy frame 1, condensation shield
a: Renounce Religion, Recall Ancestor, Ancestor Identity


You were on level 3 of the Dungeon.
You worshipped Hepliaklqana.
Hepliaklqana was pleased with you.
You visited 1 branch of the dungeon, and saw 4 of its levels.

You collected 165 gold pieces.

Inventory:

Hand Weapons
 b - a +1 whip
 k - a +0 vorpal hand axe (weapon)
Missiles
 c - 19 bolts
 h - 5 poisoned darts
 j - a throwing net
 l - 6 atropa-tipped darts
Armour
 a - a +0 robe (worn)
 f - a +2 helmet (worn)
Jewellery
 d - a ring of magical power
 e - the ring of the Evening (left hand) {Will+ Str+5}
   (You acquired it on level 1 of the Dungeon)

   [ring of willpower]

   Str:       It affects your strength (+5).
   Will:      It increases your willpower.
 g - a +6 ring of strength
 m - a +4 ring of slaying (right hand)
Potions
 i - 2 potions of flight


   Skills:
 + Level 0.3 Fighting
 + Level 1.5 Maces & Flails
 + Level 2.2 Dodging
 + Level 2.8 Stealth
 + Level 3.4 Spellcasting
 + Level 5.1 Ice Magic


You had 6 spell levels left.
You knew the following spells:

 Your Spells              Type           Power      Damage    Failure   Level
a - Freeze                Ice            80%        1d9       1%          1
b - Hailstorm             Conj/Ice       11%        3d5       50%         4

Your spell library contained the following spells:

 Spells                   Type           Power      Damage    Failure   Level
 Frozen Ramparts          Ice            40%        1d6       6%          3
 Ozocubu's Armour         Ice            20%        N/A       6%          3
 Summon Small Mammal      Summ           8%         N/A       17%         1
 Call Canine Familiar     Summ           2%         N/A       45%         3
 Conjure Flame            Conj/Fire      2%         6-21      45%         3
 Ignite Poison            Fire/Tmut/Pois 2%         N/A       45%         3
 Summon Guardian Golem    Hex/Summ       2%         N/A       45%         3
 Sticky Flame             Conj/Fire      2%         2d3       86%         4


Dungeon Overview and Level Annotations

Branches:
Dungeon (4/15)
 Temple: D:4-7

Altars:
Dithmenos
Fedhas
Hepliaklqana

Annotations:
D:4 Dowan, Duvessa


Innate Abilities, Weirdness & Mutations

Your life essence is reduced to manifest your ancestor. (-10% HP)
You sometimes emit foul miasma when damaged in melee.
Your movements are slightly less encumbered by armour. (ER -2)
A meltable shield of frost defends you. (SH +4)


Message History

You climb downwards.
Level annotation: Dowan, Duvessa Duvessa hits you with a +0 short sword.
The hobgoblin hits you.
You emit a cloud of foul miasma!
You block the ogre's attack.
There is a stone staircase leading up, spattered with blood here.
Duvessa hits you with a +0 short sword!
You emit a cloud of foul miasma!
Publius points at Duvessa and mumbles some strange words.
Duvessa resists with almost no effort.
The hobgoblin is engulfed in dark miasma.
The hobgoblin is poisoned.
You block the hobgoblin's attack. The ogre hits you with a +0 giant club.
You emit a cloud of foul miasma!
You climb upwards.
There is a stone staircase leading down, spattered with blood here.
Casting: Freeze (safe; 1% risk of failure)
Confirm with . or Enter, or press ? or * to list all spells.
Aiming: Freeze (safe; 1% risk of failure)
Press: ? - help, Shift-Dir - straight line, f - ogre
Aim: an ogre, wielding a +0 giant club You freeze the ogre.
The ogre is lightly wounded.
The hobgoblin misses you. The ogre hits you with a +0 giant club!
* * * LOW HITPOINT WARNING * * *
The hobgoblin hits you.
* * * LOW HITPOINT WARNING * * *
Publius hits the ogre with a +0 dagger of draining.
You kill the hobgoblin!
Publius gestures at the ogre while chanting.
The ogre resists with some effort.
Publius gestures at the ogre while chanting.
The ogre resists with some effort.
Casting: Freeze (safe; 1% risk of failure)
Confirm with . or Enter, or press ? or * to list all spells.
Aiming: Freeze (safe; 1% risk of failure)
Press: ? - help, Shift-Dir - straight line, f/p - ogre
Aim: an ogre, wielding a +0 giant club (moderately wounded, ally target)
You freeze the ogre.
The ogre is heavily wounded.
The ogre hits you with a +0 giant club!!
Ouch! That really hurt!
You die...

..)#.#...####....#
##.#.##### #....#
#.#.##### #....#
#.......# ###.##
##.#...<######.#####
#.#....##.........#
#.#....##.........#
##.#...............#
##..#....##....O@...#
....#....##÷R.......#
....#....##.†.......#
....#################
....# ....# #####


You could see the friendly Publius the hexer and an ogre (ally target).

Vanquished Creatures
  A phantom (D:3)
  A scorpion (D:4)
  Jessica (D:2)
  An adder (D:4)
  3 gnolls (D:3)
  A worm (D:3)
  3 dart slugs
  3 orcs (D:3)
  8 ball pythons
  3 bats
  2 endoplasms (D:1)
  4 giant cockroaches
  3 goblins (D:3)
  9 hobgoblins
  6 kobolds
  A quokka (D:2)
  4 frilled lizards
  8 rats
62 creatures vanquished.

Vanquished Creatures (collateral kills)
  An iguana (D:3)
  2 orcs (D:3)
  A bat (D:3)
  A giant cockroach (D:3)
  A goblin (D:4)
  A hobgoblin (D:3)
  A ball python (D:3)
  A rat (D:2)
9 creatures vanquished.

Vanquished Creatures (others)
  2 hexers
  An ancestor (D:3)
3 creatures vanquished.

Grand Total: 74 creatures vanquished

Notes
Turn   | Place    | Note
-------+----------+-------------------------------------------
     0 | D:1      | devil0160 the Demonspawn Ice Elementalist began the quest
                  | for the Orb.
     0 | D:1      | Reached XP level 1. HP: 13/13 MP: 3/3
   288 | D:1      | Reached skill level 4 in Ice Magic
   288 | D:1      | Gained mutation: You may rarely emit foul miasma when
                  | damaged in melee. [demonic ancestry]
   288 | D:1      | Reached XP level 2. HP: 11/19 MP: 3/5
   670 | D:1      | Identified a scroll of acquirement
   670 | D:1      | Acquired the ring of the Evening {Will+ Str+5}
   765 | D:1      | Found a faded altar of an unknown god.
   771 | D:1      | Became a worshipper of Hepliaklqana the Forgotten
   771 | D:1      | Reached * piety under Hepliaklqana
  1121 | D:2      | Noticed Jessica
  1133 | D:2      | Killed Jessica
  1134 | D:2      | Reached XP level 3. HP: 14/21 MP: 6/6
  1413 | D:2      | You fall into a shaft and drop 2 floors!
  2130 | D:3      | Found a blossoming altar of Fedhas.
  2146 | D:3      | Gained mutation: Your movements are slightly less
                  | encumbered by armour. (ER -2) [demonic ancestry]
  2146 | D:3      | Reached XP level 4. HP: 23/27 MP: 7/7
  2208 | D:3      | Reached ** piety under Hepliaklqana
  2225 | D:3      | Remembered your ancestor Publius as a hexer
  2255 | D:3      | Found a shadowy altar of Dithmenos.
  2336 | D:3      | Learned a level 4 spell: Hailstorm
  2422 | D:3      | Noticed a phantom
  2444 | D:3      | Killed a phantom
  2445 | D:3      | Gained mutation: A meltable shield of frost defends you.
                  | (SH +4) [demonic ancestry]
  2445 | D:3      | Reached XP level 5. HP: 9/31 MP: 9/9
  2878 | D:3      | Reached skill level 1 in Maces & Flails
  3264 | D:4      | Noticed Dowan
  3270 | D:4      | Noticed Duvessa
  3275 | D:4      | Reached skill level 5 in Ice Magic
  3285 | D:4      | Gained mutation: You sometimes emit foul miasma when
                  | damaged in melee. [demonic ancestry]
  3285 | D:4      | Reached XP level 6. HP: 27/37 MP: 11/11
  3654 | D:3      | Mangled by an ogre

Illustrated notes

Levels and vault maps discovered:
D:1:      dpeg_arrival_stone_temple_mockup, layout_rooms,
          ebering_ecumenical_altar_hall
D:2:      layout_loops_corners, uniq_jessica
D:3:      layout_rooms, mainiacjoe_overflow_tiny_flanked, fedhas_altar_2,
          nrook_campfire
D:4:      layout_rooms, grunt_gozag_breadcrumbs, amcnicky_altar_gilded,
          gammafunk_ghost_grave, grunt_ministairs_12, uniq_duvessa,
          uniq_eustachio, uniq_robin, uniq_pikel

Skill      XL: |  1  2  3  4  5 |
---------------+----------------+-----
Ice Magic      | 4 5 |  5.1
Stealth        | 2 |  2.8
Dodging        | 2 |  2.2
Spellcasting   | 3 |  3.4
Maces & Flails | 1 |  1.5
Fighting       | |  0.3

Action                   |  1- 3 |  4- 6 || total
-------------------------+-------+-------++-------
Melee: Whip              |    41 |    35 ||    76
       Hand axe          |       |     1 ||     1
 Cast: Freeze            |    31 |    32 ||    63
Invok: Ancestor Life: He |       |     1 ||     1
  Use: Scroll            |     4 |     2 ||     6
       Potion            |     3 |       ||     3
 Stab: Sleeping          |     2 |     1 ||     3
       Confused          |       |     2 ||     2
Armor: Robe              |    11 |    24 ||    35
Dodge: Dodged            |    33 |    50 ||    83
Block: Other             |       |     5 ||     5

Table legend: (Time is in decaauts)
 A = Elapsed time spent in this place.
 B = Non-inter-level travel time spent in this place.
 C = Inter-level travel time spent in this place.
 D = Time resting spent in this place.
 E = Time spent auto-exploring this place.
 F = Levels seen in this place.
 G = Mean time per level.
                   A        B        C        D        E       F      G
               +--------+--------+--------+--------+--------+-----+--------+
         Total |   3661 |   3572 |     89 |   1412 |   1378 |   4 |  915.2 |
       Dungeon |   3661 |   3572 |     89 |   1412 |   1378 |   4 |  915.2 |
               +--------+--------+--------+--------+--------+-----+--------+

Top non-repeatable levels by time:
     D:3: 1488 daAuts
     D:2: 1211 daAuts
     D:1: 897 daAuts
     D:4: 64 daAuts
